Map: Kairos Junction LE

Players

MCanning - Winner!

  • Race: Protoss Protoss
  • League: Grandmaster
  • Spawn Location: 5:00

Neeb

  • Race: Protoss Protoss
  • League: Grandmaster
  • Spawn Location: 11:00

Event: Cheeseadelphia 8

VOD

Have the link to the VOD?

Description

Time

  • Played on: Dec. 9, 2018, 10:10 a.m.
  • Length: 11:05

All games in this series

Show
View Real Time Build Order
Export as new Build Order

MCanning Protoss - Winner!

Build Orders: Phoenix Opening, Mass Phoenix 

Get SALT Encoding   

  12  0:00  Probe  
  13  0:12  Probe  
  14  0:17  Pylon  
  14  0:25  Probe  
  15  0:34  Probe  
  15  0:35  Gateway  
  15  0:42  Probe  
  16  0:48  Assimilator  
  17  0:52  Probe  
  18  0:57  Assimilator  
  18  1:05  Probe, Pylon  
  19  1:13  Probe  
  20  1:21  Probe  
  21  1:28  Gateway  
  21  1:32  Cybernetics Core  
  20  1:39  Pylon  
  20  1:43  Probe  
  21  1:55  Probe  
  21  1:59  Sentry  
  22  2:07  Probe  
  25  2:15  Pylon  
  25  2:17  Stargate  
  25  2:24  Stalker  
  27  2:35  Warp Gate  
  27  2:46  Stalker  
  27  2:49  Shield Battery  
  29  2:54  Stalker  
  31  3:07  Phoenix  
  31  3:16  Shield Battery  
  33  3:31  Phoenix  
  33  3:32  Shield Battery  
  35  3:39  Probe  
  35  3:41  Pylon  
  36  3:45  Shield Battery  
  36  3:51  Probe  
  36  3:53  Shield Battery  
  37  3:56  Phoenix  
  39  4:03  Probe  
  39  4:08  Shield Battery  
  40  4:11  Nexus  
  40  4:13  Phoenix  
  42  4:28  Probe  
  43  4:32  Pylon  
  43  4:36  Phoenix  
  45  4:49  Probe  
  46  5:01  Phoenix  
  46  5:02  Probe  
  46  5:06  Assimilator  
  49  5:08  Pylon  
  49  5:12  Stargate  
  49  5:15  Probe  
  50  5:23  Probe  
  50  5:27  Probe  
  52  5:30  Phoenix  
  52  5:33  Probe  
  54  5:39  Probe  
  54  5:41  Probe  
  56  5:48  Phoenix  
  57  5:50  Probe  
  57  5:51  Probe  
  61  5:58  Phoenix  
  61  5:59  Assimilator  
  63  6:05  Adept x2  
  66  6:13  Probe  
  66  6:17  Probe  
  64  6:24  Phoenix  
  63  6:26  Probe  
  63  6:29  Probe  
  67  6:37  Phoenix  
  67  6:38  Probe  
  70  6:41  Probe  
  71  6:49  Pylon  
  71  6:50  Probe  
  71  6:53  Probe, Phoenix  
  75  7:01  Phoenix  
  75  7:02  Probe  
  75  7:05  Probe  
  79  7:09  Pylon  
  79  7:14  Probe  
  79  7:15  Phoenix  
  78  7:17  Probe  
  78  7:20  Phoenix  
  65  7:33  Phoenix  
  65  7:35  Probe  
  62  7:37  Shield Battery  
  62  7:38  Probe  
  65  7:44  Robotics Facility  
  65  7:47  Probe, Shield Battery  
  65  7:50  Probe  
  67  7:51  Phoenix  
  67  7:56  Stalker  
  71  7:58  Adept  
  73  8:08  Phoenix  
  75  8:14  Gateway  
  75  8:32  Phoenix  
  75  8:33  Fleet Beacon  
  75  8:43  Phoenix  
  75  8:47  Nexus, Observer  
  74  8:49  Pylon  
  76  9:00  Anion Pulse-Crystals  
  76  9:06  Probe  
  76  9:07  Phoenix  
  79  9:12  Forge  
  79  9:15  Zealot  
  81  9:20  Probe  
  81  9:22  Probe  
  81  9:24  Phoenix  
  85  9:32  Probe  
  85  9:36  Probe  
  81  9:39  Phoenix  
  83  9:46  Probe  
  83  9:48  Immortal  
  83  9:49  Photon Cannon, Phoenix  
  83  9:51  Zealot  
  83  9:52  Zealot  
  94  10:03  Photon Cannon  
  94  10:07  Shield Battery  
  94  10:11  Stalker  
  94  10:13  Stalker  
  88  10:30  Stalker  
  82  10:39  Stalker  
  78  10:45  Stalker  
Show
View Real Time Build Order
Export as new Build Order

Neeb Protoss 

Build Orders: Phoenix Opening 

Get SALT Encoding   

  12  0:00  Probe  
  13  0:12  Probe  
  14  0:18  Pylon  
  14  0:24  Probe  
  15  0:32  Probe  
  15  0:39  Gateway  
  15  0:40  Probe  
  16  0:46  Assimilator  
  17  0:51  Probe  
  17  0:55  Assimilator  
  19  1:07  Pylon  
  19  1:08  Gateway  
  19  1:11  Probe  
  19  1:23  Probe  
  20  1:26  Cybernetics Core  
  20  1:30  Assimilator  
  20  1:35  Probe  
  21  1:42  Pylon  
  21  1:47  Probe  
  21  1:53  Adept  
  22  1:54  Adept  
  22  1:59  Probe  
  23  2:06  Warp Gate  
  28  2:20  Pylon  
  28  2:24  Adept x2  
  31  2:35  Stargate  
  31  2:57  Adept x2  
  35  3:12  Nexus  
  35  3:26  Probe  
  34  3:27  Phoenix  
  36  3:38  Robotics Facility  
  36  3:40  Probe  
  37  3:54  Pylon  
  37  3:55  Phoenix  
  39  4:07  Pylon  
  39  4:18  Phoenix  
  39  4:19  Probe  
  40  4:24  Probe  
  41  4:33  Probe  
  41  4:37  Assimilator  
  43  4:38  Phoenix  
  43  4:40  Assimilator  
  44  4:47  Stalker  
  44  4:52  Stalker  
  45  4:54  Probe  
  45  4:56  Probe  
  45  4:58  Phoenix  
  47  5:03  Probe  
  50  5:08  Probe  
  50  5:11  Probe  
  51  5:17  Phoenix  
  51  5:21  Probe  
  55  5:30  Probe  
  55  5:34  Probe  
  57  5:38  Probe  
  57  5:41  Stargate  
  58  5:48  Phoenix  
  59  5:54  Pylon  
  60  6:03  Pylon  
  60  6:11  Probe x2  
  62  6:13  Phoenix  
  62  6:16  Phoenix  
  62  6:23  Probe  
  63  6:29  Probe  
  63  6:30  Phoenix  
  64  6:33  Sentry  
  68  6:40  Probe  
  68  6:41  Phoenix  
  71  6:50  Pylon  
  69  6:55  Probe x2  
  69  6:56  Phoenix  
  73  7:10  Gateway, Phoenix  
  69  7:16  Stalker  
  58  7:23  Stalker  
  58  7:26  Phoenix  
  58  7:29  Phoenix  
  52  7:45  Sentry  
  52  7:47  Stalker  
  52  7:50  Phoenix  
  56  7:55  Probe x2  
  60  8:03  Phoenix  
  62  8:07  Probe  
  62  8:08  Probe  
  64  8:18  Phoenix  
  64  8:19  Probe  
  62  8:36  Stalker x2, Phoenix  
  62  8:38  Warp Prism  
  65  8:50  Phoenix  
  65  8:54  Probe  
  70  8:56  Probe  
  70  9:00  Stalker  
  72  9:07  Stalker  
  73  9:12  Stalker  
  75  9:17  Phoenix  
  77  9:25  Phoenix  
  79  9:40  Stalker  
  79  9:41  Stalker  
  79  9:43  Stalker  
  85  9:54  Pylon  
  85  10:12  Phoenix  
  81  10:23  Stalker x3  
Tags
 
Add a new tag
Caveats
  • Supply blocks, unpowered buildings, or Contaminate may cause inaccurate times.
  • Supply counts are checked every 10 seconds.